Map: Hard Lead LE

Players

chafanet

  • Race: Zerg Zerg
  • League: Platinum
  • Spawn Location: 11:00

DarkTemplar - Winner!

  • Race: Protoss Protoss
  • League: Platinum
  • Spawn Location: 5:00

VOD

Have the link to the VOD?

Description

14 Nexus into 7ish minute Immortal Zealot push

Time

  • Played on: Nov. 23, 2023, 8:59 p.m.
  • Length: 10:03
Show
View Real Time Build Order
Export as new Build Order

chafanet Zerg 

Build Orders: Hatch First 

Get SALT Encoding   

  12  0:02  Drone  
  13  0:15  Drone  
  13  0:17  Overlord  
  14  0:38  Drone  
  14  0:39  Drone x2  
  17  0:54  Hatchery  
  16  1:03  Drone x2  
  18  1:14  Drone  
  19  1:19  Extractor  
  19  1:21  Spawning Pool  
  19  1:23  Drone  
  18  1:41  Overlord  
  18  1:49  Drone  
  19  2:09  Queen x2  
  19  2:13  Zergling x4, Drone  
  26  2:19  Drone x2  
  28  2:29  Drone  
  30  2:30  Drone  
  30  2:57  Drone x4  
  34  3:03  Hatchery  
  33  3:09  Lair  
  33  3:10  Drone x3  
  36  3:13  Extractor  
  36  3:14  Drone  
  36  3:31  Overlord x2  
  36  3:32  Overlord  
  36  3:58  Drone x6  
  36  3:59  Drone  
  43  4:16  Hydralisk Den  
  42  4:18  Drone x5, Evolution Chamber  
  42  4:19  Evolution Chamber  
  42  4:21  Drone x2  
  42  4:22  Drone  
  48  4:26  Queen  
  48  4:29  Zergling x8  
  54  4:34  Metabolic Boost  
  53  4:46  Grooved Spines  
  53  4:47  Hydralisk  
  53  4:48  Hydralisk x4  
  61  4:59  Drone  
  62  5:00  Drone x3  
  62  5:01  Extractor  
  62  5:02  Extractor  
  62  5:04  Overlord  
  62  5:07  Zerg Missile Weapons Level 1  
  63  5:20  Overseer  
  63  5:24  Drone x6  
  63  5:25  Drone  
  70  5:31  Drone  
  71  5:39  Zerg Ground Armor Level 1  
  71  5:42  Drone x2  
  73  5:43  Overlord x3  
  73  5:44  Overlord  
  73  5:48  Pneumatized Carapace  
  73  5:52  Muscular Augments  
  73  5:53  Overlord  
  73  6:11  Hatchery  
  72  6:35  Extractor  
  72  6:38  Extractor  
  72  6:39  Drone  
  71  6:40  Drone x13  
  84  6:52  Overlord  
  84  6:53  Overlord x2  
  84  7:05  Hydralisk x2  
  84  7:06  Hydralisk x5  
  89  7:15  Hydralisk  
  89  7:16  Hydralisk x2  
  89  7:21  Hydralisk x3  
  86  7:32  Hydralisk  
  86  7:33  Hydralisk x2  
  69  7:51  Hydralisk  
  69  7:52  Hydralisk x6  
  59  8:06  Hydralisk  
  59  8:07  Hydralisk x3  
  61  8:17  Hydralisk x2  
  61  8:19  Zergling x2  
  66  8:38  Drone  
  66  8:39  Drone x3  
  70  8:48  Overseer  
  70  8:57  Hydralisk  
  70  8:58  Hydralisk  
  59  9:31  Drone x4  
  60  9:32  Drone x4  
  60  9:33  Lurker Den  
  60  9:38  Hydralisk  
Show
View Real Time Build Order
Export as new Build Order

DarkTemplar Protoss - Winner!

Build Orders: Nexus First, Archon Immortal 

Get SALT Encoding   

  12  0:00  Probe  
  13  0:12  Probe  
  14  0:41  Nexus  
  14  0:48  Pylon  
  14  0:52  Probe  
  15  1:07  Gateway  
  15  1:16  Forge  
  15  1:19  Probe (Chrono Boost)  
  16  1:29  Probe (Chrono Boost)  
  16  1:30  Assimilator  
  17  1:34  Probe (Chrono Boost)  
  18  1:45  Probe  
  19  1:58  Probe  
  19  2:00  Cybernetics Core  
  20  2:02  Probe  
  21  2:10  Photon Cannon, Probe  
  21  2:15  Probe  
  23  2:22  Probe  
  24  2:27  Probe  
  24  2:29  Assimilator  
  25  2:34  Probe  
  25  2:36  Photon Cannon  
  26  2:40  Photon Cannon  
  26  2:46  Zealot (Chrono Boost)  
  28  2:52  Probe x2  
  30  2:59  Shield Battery  
  30  3:04  Probe x2  
  32  3:10  Adept  
  34  3:16  Probe x2  
  34  3:17  Pylon  
  36  3:21  Robotics Facility  
  36  3:37  Probe x2  
  38  3:44  Twilight Council  
  38  3:45  Warp Gate (Chrono Boost)  
  38  3:53  Probe (Chrono Boost)  
  40  3:58  Probe (Chrono Boost)  
  41  4:02  Stalker  
  41  4:03  Probe (Chrono Boost)  
  41  4:06  Probe (Chrono Boost)  
  41  4:08  Probe (Chrono Boost)  
  45  4:11  Pylon  
  45  4:14  Pylon  
  45  4:15  Pylon  
  45  4:17  Probe  
  46  4:29  Immortal (Chrono Boost)  
  48  5:01  Assimilator  
  48  5:03  Twilight Council, Charge (Chrono Boost)  
  48  5:06  Immortal (Chrono Boost)  
  52  5:09  Gateway x2  
  52  5:12  Gateway  
  52  5:16  Protoss Ground Weapons Level 1 (Chrono Boost)  
  52  5:18  Probe  
  53  5:21  Pylon  
  53  5:28  Zealot  
  53  5:34  Probe x2  
  57  5:37  Immortal (Chrono Boost)  
  61  5:46  Gateway  
  61  5:53  Zealot  
  63  6:00  Pylon  
  63  6:03  Probe  
  64  6:04  Probe  
  64  6:06  Warp Prism (Chrono Boost)  
  64  6:11  Sentry, Zealot  
  69  6:12  Zealot  
  69  6:14  Nexus  
  69  6:16  Pylon  
  73  6:19  Zealot  
  75  6:33  Probe  
  75  6:34  Probe  
  77  6:40  Immortal (Chrono Boost)  
  77  6:44  Templar Archives  
  77  6:45  Gateway  
  81  6:47  Pylon  
  81  7:00  Zealot x4  
  81  7:01  Zealot  
  91  7:12  Immortal  
  89  7:47  High Templar x2  
  89  7:48  Zealot x4  
  93  7:53  Archon  
  57  8:13  Zealot x4  
  57  8:15  Immortal (Chrono Boost)  
  57  8:19  Probe (Chrono Boost)  
  67  8:23  Assimilator  
  67  8:24  Probe (Chrono Boost)  
  67  8:29  High Templar x2, Probe (Chrono Boost)  
  67  8:33  Archon, Probe (Chrono Boost)  
  67  8:34  Probe (Chrono Boost)  
  73  8:40  Zealot x4  
  82  8:43  Probe  
  83  8:51  Warp Prism (Chrono Boost)  
  83  8:54  Forge  
  85  8:58  Probe x2  
  85  9:01  Assimilator  
  87  9:06  Probe  
  88  9:10  Pylon, Probe  
  88  9:11  Probe  
  88  9:12  High Templar x2  
  88  9:13  Zealot x4  
  88  9:15  Immortal  
  104  9:18  Archon  
  100  9:28  Shield Battery  
  100  9:29  Pylon  
  100  9:44  High Templar  
  102  9:46  High Templar  
  102  9:48  Zealot x4  
  102  9:51  Archon  
Tags
 
Add a new tag
Caveats
  • Supply blocks, unpowered buildings, or Contaminate may cause inaccurate times.
  • Supply counts are checked every 10 seconds.